 Dungeon Crawl Stone Soup version 0.31-a0-1626-g5cb510d322 (webtiles) character file.

Game seed: 4834309504293158304

795 Curundu the Cleaver (level 7, -3/85 HPs)
             Began as a Minotaur Berserker on Jan 12, 2024.
             Was a Priest of Trog.
             Slain by a sleepcap (5 damage)
             ... on level 5 of the Dungeon.
             The game lasted 00:15:52 (5342 turns).

Curundu the Cleaver (Minotaur Berserker)            Turns: 5342, Time: 00:15:53

Health: -3/85      AC:  7    Str: 23    XL:     7   Next: 58%
Magic:  6/6        EV: 10    Int:  4    God:    Trog [***...]
Gold:   249        SH:  0    Dex: 10    Spells: 6/6 levels left

rFire   . . .        v - +3 flail (holy)
rCold   . . .        (no shield)
rNeg    . . .        f - +0 scale mail
rPois   .            (helmet restricted)
rElec   .            (no cloak)
rCorr   .            (no gloves)
SInv    .            u - +0 pair of boots
Will    .....        (no amulet) Stlth
                     (no ring)
HPRegen 0.34/turn    (no ring)
MPRegen 0.10/turn

%: no passive effects
@: berserking, very quick
A: horns 2, retaliatory headbutt
a: Renounce Religion, Berserk, Trog's Hand


You were on level 5 of the Dungeon.
You worshipped Trog.
Trog was most pleased with you.
You visited 1 branch of the dungeon, and saw 5 of its levels.

You collected 249 gold pieces.

Inventory:

Hand Weapons
 a - a +0 hand axe
 v - a +3 flail of holy wrath (weapon)
Missiles
 i - 5 poisoned darts
 o - 5 curare-tipped darts (quivered)
Armour
 f - a +0 scale mail (worn)
 u - a +0 pair of boots (worn)
Jewellery
 k - a ring of see invisible
 q - a ring of flight
Scrolls
 b - 2 scrolls of teleportation
 c - a scroll of blinking
 g - a scroll of vulnerability
 p - 2 scrolls of amnesia
 r - a scroll of revelation
Potions
 d - a potion of degeneration {unknown}
 e - 3 potions of cancellation {unknown}
 h - a potion of lignification {unknown}
 j - 3 potions of might
 l - a potion of enlightenment {unknown}
 m - 3 potions of curing
 n - a potion of berserk rage
 s - a potion of heal wounds {unknown}
 t - a potion of mutation {unknown}


   Skills:
 - Level 3.6 Fighting
 + Level 10.8 Axes
 - Level 2.4 Armour
 - Level 2.1 Dodging


You had 6 spell levels left.
You didn't know any spells.
Your spell library was empty.

Dungeon Overview and Level Annotations

Branches:
Dungeon (5/15)
 Temple: D:4-7

Altars:
Gozag
Nemelex Xobeh
Ru
Sif Muna
Vehumet
The Shining One


Innate Abilities, Weirdness & Mutations

You have a pair of horns on your head.
You reflexively headbutt those who attack you in melee.


Message History

You kill the adder!
Trog accepts your kill.
You feel sick. The sleepcap releases spores at you.
* * * LOW HITPOINT WARNING * * *
You hit the sleepcap.
The sleepcap is lightly damaged.
You feel sick.
You are no longer poisoned.
The sleepcap releases spores at you but does no damage. x2
You hit the sleepcap.
The sleepcap is moderately damaged.
The sleepcap releases spores at you!
* * * LOW HITPOINT WARNING * * *
You are engulfed in a cloud of soporific spores!
You fall asleep.
The sleepcap releases spores at you.
You wake up.
* * * LOW HITPOINT WARNING * * *
You are engulfed in a cloud of soporific spores!
You are unaffected.
It was a potion of berserk rage.
A red film seems to cover your vision as you go berserk!
You feel yourself moving faster!
You feel mighty! The sleepcap closely misses you.
The sleepcap barely misses you.
You sock the sleepcap!
The sleepcap is severely damaged.
The sleepcap releases spores at you.
* * * LOW HITPOINT WARNING * * *
You are engulfed in a cloud of soporific spores!
You are unaffected.
The sleepcap releases spores at you.
* * * LOW HITPOINT WARNING * * *
You are engulfed in a cloud of soporific spores!
You are unaffected.
You sock the sleepcap! You headbutt the sleepcap.
You destroy the sleepcap!
Trog accepts your kill. The sleepcap releases spores at you.
* * * LOW HITPOINT WARNING * * *
You are engulfed in a cloud of soporific spores!
You are unaffected.
The sleepcap releases spores at you.
You die...

##.......##♣[♣#............
#...#....#♣♣.♣♣#...........
#...###....♣...♣#......####.
#..### ...♣♣...♣♣......## #.
..# ..#♣.....♣#......###.
..# ##♣.....♣#..#....##.
♣f..♣♣..#........
##f.........###...
#@f####....## ##.. #.##
##..## #.. #...# #### ##.
###..# #. ### ##


You could see 3 sleepcaps.

Vanquished Creatures
  2 ogres (D:4)
  A centaur (D:5)
  A scorpion (D:5)
  2 hounds (D:5)
  A bombardier beetle (D:5)
  A gnoll bouda (D:5)
  A sleepcap (D:5)
  3 iguanas
  2 orc wizards
  5 gnolls (D:5)
  7 adders
  A ribbon worm (D:2)
  2 dart slugs
  6 orcs
  3 ball pythons
  11 endoplasms
  2 giant cockroaches
  9 goblins
  9 hobgoblins
  7 jackals
  10 kobolds
  A quokka (D:1)
  5 bats
  2 frilled lizards (D:1)
  6 rats
100 creatures vanquished.

Notes
Turn   | Place    | Note
-------+----------+-------------------------------------------
     0 | D:1      | Curundu the Minotaur Berserker began the quest for the Orb.
     0 | D:1      | Reached XP level 1. HP: 19/19 MP: 0/0
    46 | D:1      | Reached skill level 4 in Axes
    94 | D:1      | Reached XP level 2. HP: 26/26 MP: 1/1
   426 | D:1      | You fall into a shaft and drop 1 floor!
   457 | D:2      | Reached skill level 5 in Axes
   457 | D:2      | Reached XP level 3. HP: 23/31 MP: 2/2
   458 | D:2      | Reached ** piety under Trog
  1429 | D:2      | Found a glowing golden altar of the Shining One.
  1663 | D:2      | Identified the +5 falchion "Owucaj" {freeze, rElec Will-
                  | Dex+4}
  1841 | D:2      | Reached skill level 6 in Axes
  1841 | D:2      | Reached XP level 4. HP: 39/39 MP: 3/3
  2542 | D:3      | Found a radiant altar of Vehumet.
  2605 | D:3      | Reached *** piety under Trog
  2606 | D:3      | Reached skill level 7 in Axes
  2606 | D:3      | Reached XP level 5. HP: 34/45 MP: 4/4
  2679 | D:3      | Found a sacrificial altar of Ru.
  2906 | D:4      | Noticed an ogre
  2921 | D:4      | Killed an ogre
  2922 | D:4      | Reached skill level 8 in Axes
  3228 | D:4      | Reached XP level 6. HP: 11/51 MP: 5/5
  3670 | D:4      | Found a sparkling altar of Nemelex Xobeh.
  3923 | D:4      | Found an opulent altar of Gozag.
  4025 | D:5      | Entered Level 5 of the Dungeon
  4115 | D:5      | Reached skill level 9 in Axes
  4225 | D:5      | Reached XP level 7. HP: 49/57 MP: 6/6
  4273 | D:5      | Reached skill level 10 in Axes
  4708 | D:5      | Identified the +10 short sword "Tezauwki" {venom, rF- Int+2
                  | Stlth+}
  5093 | D:5      | Found a shimmering blue altar of Sif Muna.
  5342 | D:5      | HP: 2/85 [sleepcap (3)]
  5342 | D:5      | Slain by a sleepcap

Illustrated notes

Levels and vault maps discovered:
D:1:      erik_arrival_cave_to_civilisation [erik_arrival_cave_to_hall],
          layout_basic, minmay_misc_feat_secret_circle
D:2:      kennysheep_six_static_rooms, layout_loops_ring, basic_altar,
          bh_walls_and_bars
D:3:      layout_rooms, mainiacjoe_overflow_surrounded_room,
          nicolae_vehumet_altar_sigil, serial_forest, infiniplex_forest_lined_2,
          infiniplex_forest_clump_C, infiniplex_forest_lined_corner,
          infiniplex_forest_lined_ring, minmay_misc_feat_roman
D:4:      layout_basic, mainiacjoe_overflow_paths, grunt_gozag_breadcrumbs,
          serial_bayou, serial_bayou_ford_a, serial_bayou_crossing,
          serial_bayou_pond_c, serial_bayou_pond_b, serial_bayou_pond_e,
          serial_bayou_pond_e, grunt_tough_drop
D:5:      layout_layer_cave, nicolae_overflow_crystal_walls, hellmonk_no_cap

Skill      XL: |  1  2  3  4  5  6  7 |
---------------+----------------------+-----
Axes           | 4 5 6 7 8 9 10 | 10.8
Fighting       | |  3.6
Armour         | |  2.4
Dodging        | |  2.1

Action                     |  1- 3 |  4- 6 |  7- 9 || total
---------------------------+-------+-------+-------++-------
  Melee: Hand axe          |    96 |   132 |    38 ||   266
         Headbutt          |    10 |    18 |     6 ||    34
         Punch             |     1 |       |     1 ||     2
         Flail             |       |       |    13 ||    13
  Throw: Dart              |     3 |       |       ||     3
 Invoke: Berserk           |       |     2 |     1 ||     3
         Trog's Hand       |       |     1 |     1 ||     2
    Use: Scroll            |       |    11 |       ||    11
         Potion            |       |       |     1 ||     1
 Armour: Ring mail         |    24 |       |       ||    24
         Scale mail        |    60 |    92 |    63 ||   215
  Dodge: Dodged            |    70 |    68 |    33 ||   171

Table legend: (Time is in decaauts)
 A = Elapsed time spent in this place.
 B = Non-inter-level travel time spent in this place.
 C = Inter-level travel time spent in this place.
 D = Time resting spent in this place.
 E = Time spent auto-exploring this place.
 F = Levels seen in this place.
 G = Mean time per level.
                   A        B        C        D        E       F      G
               +--------+--------+--------+--------+--------+-----+--------+
         Total |   5389 |   5382 |      7 |    720 |   3368 |   5 | 1077.8 |
       Dungeon |   5389 |   5382 |      7 |    720 |   3368 |   5 | 1077.8 |
               +--------+--------+--------+--------+--------+-----+--------+

Top non-repeatable levels by time:
     D:1: 1190 daAuts
     D:4: 1144 daAuts
     D:5: 1134 daAuts
     D:2: 1121 daAuts
     D:3: 799 daAuts
